 Dungeon Crawl Stone Soup version 0.28.0-49-g6dfe1f597d (webtiles) character file.

Game seed: 8245960418532421854

39 Gabide the Poker (level 3, 0/29 HPs)
             Began as a Human Monk on May 13, 2022.
             Slain by an orc priest
             ... wielding a +0 dagger
              (1 damage)
             ... on level 2 of the Dungeon.
             The game lasted 00:02:47 (1193 turns).

Gabide the Poker (Human Monk)                       Turns: 1193, Time: 00:02:47

Health: 0/29       AC:  4    Str: 13    XL:     3   Next: 67%
Magic:  0/3        EV: 12    Int: 10    God:
Gold:   41         SH:  0    Dex: 15    Spells: 2/2 levels left

rFire   + . .      SeeInvis .   a - +0 spear
rCold   . . .      Faith    .   (no shield)
rNeg    . . .      Spirit   +   m - +0 leather armour
rPois   .          Reflect  .   g - +2 helmet
rElec   .          Harm     .   (no cloak)
rCorr   .          Rampage  .   (no gloves)
Will    .....                   (no boots)
Stlth   ++........              h - amulet of guardian spirit
HPRegen 0.09/turn               (no ring)
MPRegen 0.08/turn               (no ring)

@: no status effects
A: deformed body, fire resistance 1, subdued magic 1
a: no special abilities


You were on level 2 of the Dungeon.
You visited 1 branch of the dungeon, and saw 2 of its levels.

You collected 41 gold pieces.

Inventory:

Hand Weapons
 a - a +0 spear (weapon)
 k - a +0 whip of electrocution
Armour
 b - a +0 robe
 g - a +2 helmet (worn)
 i - a +0 chain mail
 m - a +0 leather armour (worn)
Jewellery
 h - an amulet of guardian spirit (around neck)
Scrolls
 d - a scroll of immolation {unknown}
 n - 2 scrolls of fear {unknown}
 o - a scroll of identify {unknown}


   Skills:
 - Level 3.0 Fighting
 + Level 4.1 Polearms
 * Level 1.3 Armour
 - Level 3.0 Dodging
 - Level 2.0 Stealth


You had 2 spell levels left.
You didn't know any spells.
Your spell library was empty.

Dungeon Overview and Level Annotations

Branches:
Dungeon (2/15)

Altars:

Shops:
D:1 [


Innate Abilities, Weirdness & Mutations

Armour fits poorly on your strangely shaped body.
Your flesh is heat resistant. (rF+)
Your spells are a little easier to cast, but a little less powerful.


Message History

The orc is heavily wounded.
The orc priest calls down the wrath of Beogh upon you.
Beogh smites you!
* * * LOW HITPOINT WARNING * * *
You hit the orc but do no damage.
The orc is heavily wounded.
The orc closely misses you.
You hit the orc but do no damage.
The orc is moderately wounded.
The orc hits you with a +0 club.
* * * LOW HITPOINT WARNING * * *
You hit the orc.
You kill the orc!
It was a potion of cancellation.
Your magical effects are unravelling.
You feel magically purged.
You feel yourself slow down.
You float gracefully downwards.
You closely miss the orc priest. The orc priest barely misses you.
You hit the orc priest.
The orc priest is lightly wounded.
The orc priest hits you with a +0 dagger.
* * * LOW HITPOINT WARNING * * *
You hit the orc priest but do no damage.
The orc priest is lightly wounded.
The orc priest hits you with a +0 dagger.
* * * LOW HITPOINT WARNING * * *
You closely miss the orc priest.
The orc priest is lightly wounded.
The orc priest barely misses you.
You hit the orc priest.
The orc priest is moderately wounded.
The orc priest hits you but does no damage.
You closely miss the orc priest.
The orc priest is moderately wounded.
The orc priest hits you but does no damage.
You barely miss the orc priest.
The orc priest is moderately wounded.
The orc priest hits you with a +0 dagger.
You die...

########################
..............##........
####............†.....(#
# ##########.##.#####..
# #.##@# # #.##o#
#...†##### #.##))...# #
# #.#?#.###.#..# # ..#
#..)......# . .#
#.#.#.#.##.# . .
......)†.....# .
##.##.#>###.#.#


You could see an orc priest.

Vanquished Creatures
  An adder (D:2)
  2 dart slugs
  4 orcs (D:2)
  3 bats (D:1)
  2 goblins (D:1)
  A hobgoblin (D:1)
  A quokka (D:1)
  2 ball pythons
  2 frilled lizards (D:1)
  3 kobolds
  A rat (D:2)
22 creatures vanquished.

Notes
Turn   | Place    | Note
-------+----------+-------------------------------------------
     0 | D:1      | Gabide the Human Monk began the quest for the Orb.
     0 | D:1      | Reached XP level 1. HP: 18/18 MP: 1/1
   316 | D:1      | Reached XP level 2. HP: 24/24 MP: 2/2
   437 | D:1      | Found Plog's Armour Shop.
  1047 | D:2      | Reached skill level 4 in Polearms
  1047 | D:2      | Reached XP level 3. HP: 24/29 MP: 1/3
  1150 | D:2      | Reached skill level 1 in Armour
  1168 | D:2      | Gained mutation: Your flesh is heat resistant. (rF+)
                  | [potion of mutation]
  1168 | D:2      | Gained mutation: Armour fits poorly on your strangely
                  | shaped body. [potion of mutation]
  1168 | D:2      | Gained mutation: Your spells are a little easier to cast,
                  | but a little less powerful. [potion of mutation]
  1189 | D:2      | HP: 1/29 [orc priest/+0 dagger (2)]
  1193 | D:2      | Slain by an orc priest

Illustrated notes

Levels and vault maps discovered:
D:1:      eino_arrival_water_star, layout_loops_ring, serial_shops, shop
D:2:      layout_loops_ring, basic_ecumenical_altar

Skill      XL: |  1  2  3 |
---------------+----------+-----
Polearms       | 4 |  4.1
Armour         | 1 |  1.3
Fighting       | |  3.0
Dodging        | |  3.0
Stealth        | |  2.0

Action                   || total
-------------------------++-------
Melee: Spear             ||    98
       Punch             ||     1
  Use: Potion            ||     5
 Stab: Sleeping          ||     5
Armor: Robe              ||    14
       Leather armour    ||     8
Dodge: Dodged            ||    35
